 Dungeon Crawl Stone Soup version 0.28.0-45-g0d030f2227 (webtiles) character file.

Game seed: 10368827628417053033

818527 protoss039 the Metallomancer (level 27, 0/184 HPs)
             Began as a Gargoyle Earth Elementalist on Apr 27, 2022.
             Was the Champion of Vehumet.
             Killed by divine providence
             ... invoked by a royal mummy
              (15 damage)
             ... on level 24 of a ziggurat on Apr 29, 2022.
             The game lasted 06:56:36 (103723 turns).

protoss039 the Metallomancer (GrEE)               Turns: 103723, Time: 06:56:36

Health: 0/184      AC: 43    Str: 22      XL:     27
Magic:  51/51      EV:  6    Int: 31 (32) God:    Vehumet [******]
Gold:   5223       SH: 37    Dex: 10      Spells: 8/74 levels left

rFire   + + +      SeeInvis +   s - staff of earth
rCold   + + +      Faith    .   b - +18 shield of the Gong {rElec rN+ Will+ EV-5}
rNeg    + + +      Spirit   .   E - quicksilver dragon scales
rPois   ∞          Reflect  +   B - -2 hat of the Alchemist {rElec rPois rF+ rC+ rN+ Will+ rMut rCorr}
rElec   +          Harm     .   Q - scarf {rC+ rF+}
rCorr   +          Rampage  +   J - +0 pair of gloves "Yjes" {rC+++}
rMut    +          Archmagi +   H - +2 pair of boots {rampage}
Will    +++++                   w - amulet of Leiskim {Reflect Str+3 Int+4 SH+5}
Stlth   +.........              l - ring of the Mage {Wiz Archmagi}
HPRegen 0.40/turn               V - ring "Kaiteron" {Fire rCorr Str+3}
MPRegen 0.32/turn

@: lich-form, flying, slowed, studying 4 skills, very slow
A: draining attack, torment immunity, no potions, flying, sickness immunity, AC
+20, big wings, negative energy resistance 1, electricity resistance, torment
resistance 1, petrification resistance, horns 1, see invisible, deformed body,
strong 1, evolution 1
}: 4/15 runes: barnacled, silver, icy, gossamer
a: End Transformation, Renounce Religion


You were on level 24 of a ziggurat.
You worshipped Vehumet.
Vehumet was exalted by your worship.
You were an undead lich.
You visited 13 branches of the dungeon, and saw 60 of its levels.
You visited 1 bazaar.
You visited 1 ziggurat, and saw 24 of its levels.
You also visited: Trove and Desolation.

You collected 9756 gold pieces.
You spent 4533 gold pieces at shops.

Inventory:

Missiles
 L - 18 throwing nets
Armour
 b - the +18 shield of the Gong (worn) {rElec rN+ Will+ EV-5}
   (You found it in a treasure trove)

   It is deafeningly noisy when blocking attacks.
   EV:        It affects your evasion (-5).
   rElec:     It insulates you from electricity.
   rN:        It protects you from negative energy.
   Will:      It increases your willpower.
 i - the +2 shield of Resistance {rF++ rC++ Will++}
   (You found it on level 7 of Cocytus)

   rF:        It greatly protects you from fire.
   rC:        It greatly protects you from cold.
   Will:      It greatly increases your willpower.
 B - the -2 hat of the Alchemist (worn) {rElec rPois rF+ rC+ rN+ Will+ rMut rCorr}
   (You bought it in a shop on level 5 of the Vaults)

   rF:        It protects you from fire.
   rC:        It protects you from cold.
   rElec:     It insulates you from electricity.
   rPois:     It protects you from poison.
   rN:        It protects you from negative energy.
   rCorr:     It protects you from acid and corrosion.
   rMut:      It protects you from mutation.
   Will:      It increases your willpower.
 E - quicksilver dragon scales (worn)
 H - a +2 pair of boots of rampaging (worn)
 J - the +0 pair of gloves "Yjes" (worn) {rC+++}
   (You found it in a treasure trove)

   rC:        It renders you almost immune to cold.
 Q - a scarf of resistance (worn)
Magical Staves
 a - a staff of fire
 s - a staff of earth (weapon)
Jewellery
 e - the ring "Ceozeh" {rElec Int+6 SInv}
   (You found it on level 14 of a ziggurat)

   [ring of intelligence]

   Int:       It affects your intelligence (+6).
   rElec:     It insulates you from electricity.
   SInv:      It lets you see invisible.
 j - a ring of magical power
 l - the ring of the Mage (left hand) {Wiz Archmagi}
   (You found it on level 21 of a ziggurat)

   [ring of wizardry]

   It improves your spell success rate.
   Archmagi:  It increases the power of your magical spells.
 w - the amulet of Leiskim (around neck) {Reflect Str+3 Int+4 SH+5}
   (You found it on level 17 of a ziggurat)

   [amulet of reflection]

   It reflects blocked missile attacks.
   Str:       It affects your strength (+3).
   Int:       It affects your intelligence (+4).
   SH:        It affects your SH (+5).
 y - the ring "Seorch" {Wiz Slay+3 SInv}
   (You found it in the Desolation of Salt)

   [ring of wizardry]

   It improves your spell success rate.
   Slay:      It affects your accuracy & damage with ranged weapons and melee
   (+3).
   SInv:      It lets you see invisible.
 I - an amulet of regeneration
 V - the ring "Kaiteron" (right hand) {Fire rCorr Str+3}
   (You took it off a tengu reaver on level 13 of the Dungeon)

   [ring of fire]

   It enhances your fire magic.
   Str:       It affects your strength (+3).
   rF:        It protects you from fire.
   rC:        It makes you vulnerable to cold.
   rCorr:     It protects you from acid and corrosion.
Wands
 u - a wand of digging (14)
 M - a wand of iceblast (26)
 Z - a wand of acid (29)
Scrolls
 f - 4 scrolls of magic mapping
 h - 10 scrolls of fog
 k - 18 scrolls of teleportation
 n - 7 scrolls of immolation
 p - 2 scrolls of torment
 q - 13 scrolls of blinking
 A - 3 scrolls of summoning
 D - 10 scrolls of enchant weapon
 F - 7 scrolls of fear
 K - 15 scrolls of enchant armour
 T - 6 scrolls of amnesia
 U - 6 scrolls of brand weapon
Potions
 c - 7 potions of invisibility
 d - 4 potions of resistance
 g - 19 potions of ambrosia
 m - 11 potions of mutation
 o - 5 potions of magic
 r - a potion of experience
 v - 16 potions of curing
 z - 10 potions of haste
 C - 4 potions of cancellation
 N - 7 potions of heal wounds
 W - 5 potions of might
 Y - 7 potions of brilliance
Miscellaneous
 t - a condenser vane
 G - a phantom mirror


   Skills:
 + Level 22.3 Fighting
 - Level 12.0 Staves
 + Level 19.6 Armour
 - Level 3.0 Dodging
 - Level 3.0 Stealth
 + Level 19.6 Shields
 - Level 24.0 Spellcasting
 - Level 21.0 Conjurations
 - Level 18.0 Necromancy
 - Level 15.0 Transmutations
 - Level 21.0 Fire Magic
 - Level 24.0 Earth Magic


You had 8 spell levels left.
You knew the following spells:

 Your Spells              Type           Power      Damage    Failure   Level
a - Swiftness             Air            54%        N/A       1%          3
b - Passwall              Tmut/Erth      100%       N/A       0%          2
c - Stone Arrow           Conj/Erth      100%       3d13      0%          3
d - Necromutation         Tmut/Necr      71%        N/A       4%          8
e - Fire Storm            Conj/Fire      77%        8d19      3%          9
f - Ignition              Fire           77%        3d20      1%          8
g - Shatter               Erth           80%        3d58*     1%          9
h - Freezing Cloud        Conj/Ice/Air   44%        6-21      1%          5
i - Borgnjor's Vile Clut  Necr/Erth      90%        N/A       0%          5
j - Iron Shot             Conj/Erth      79%        9d14      0%          6
k - Lehudib's Crystal Sp  Conj/Erth      79%        10d18     1%          8

Your spell library contained the following spells:

 Spells                   Type           Power      Damage    Failure   Level
 Maxwell's Capacitive Co  Air            27%        ∞         99%         8
 Animate Skeleton         Necr           100%       N/A       0%          1
 Beastly Appendage        Tmut           100%       N/A       0%          1
 Foxfire                  Conj/Fire      100%       2x1d9     0%          1
 Magic Dart               Conj           100%       1d8       0%          1
 Pain                     Necr           100%       1d9       0%          1
 Sandblast                Erth           100%       2d20      0%          1
 Searing Ray              Conj           100%       2d8       0%          2
 Wereblood                Tmut           100%       N/A       0%          2
 Conjure Flame            Conj/Fire      100%       6-21      0%          3
 Vampiric Draining        Necr           100%       2d13      0%          3
 Animate Dead             Necr           73%        N/A       0%          4
 Dispel Undead            Necr           100%       3d31      0%          4
 Flame Wave               Conj/Fire      100%       2d17      0%          4
 Petrify                  Tmut/Erth      100%       N/A       0%          4
 Sticky Flame             Conj/Fire      100%       2d11      0%          4
 Fireball                 Conj/Fire      77%        3d29      0%          5
 Iskenderun's Battlesphe  Conj           100%       2d15      0%          5
 Lee's Rapid Deconstruct  Erth           80%        3d37*     0%          5
 Apportation              Tloc           100%       N/A       1%          1
 Freeze                   Ice            100%       1d11      1%          1
 Slow                     Hex            100%       N/A       1%          1
 Sting                    Tmut/Pois      100%       1d8       1%          1
 Summon Small Mammal      Summ           100%       N/A       1%          1
 Blink                    Tloc           100%       N/A       1%          2
 Call Imp                 Summ           54%        N/A       1%          2
 Corpse Rot               Necr/Air       100%       N/A       1%          2
 Ensorcelled Hibernation  Hex/Ice        100%       N/A       1%          2
 Poisonous Vapours        Pois/Air       100%       N/A       1%          2
 Static Discharge         Conj/Air       100%       N/A       1%          2
 Call Canine Familiar     Summ           54%        N/A       1%          3
 Confusing Touch          Hex            54%        N/A       1%          3
 Dazzling Flash           Conj/Hex       100%       N/A       1%          3
 Frozen Ramparts          Ice            100%       1d12      1%          3
 Gell's Gravitas          Tloc           54%        N/A       1%          3
 Ignite Poison            Fire/Tmut/Pois 100%       N/A       1%          3
 Inner Flame              Hex/Fire       100%       N/A       1%          3
 Lesser Beckoning         Tloc           54%        N/A       1%          3
 Mephitic Cloud           Conj/Pois/Air  88%        N/A       1%          3
 Portal Projectile        Hex/Tloc       100%       N/A       1%          3
 Spider Form              Tmut/Pois      90%        N/A       1%          3
 Summon Guardian Golem    Hex/Summ       54%        N/A       1%          3
 Teleport Other           Tloc           54%        N/A       1%          3
 Tukima's Dance           Hex            54%        N/A       1%          3
 Airstrike                Air            27%        N/A       1%          4
 Anguish                  Hex/Necr       59%        N/A       1%          4
 Animate Armour           Summ/Erth      100%       N/A       1%          4
 Hailstorm                Conj/Ice       100%       3d20      1%          4
 Ice Form                 Ice/Tmut       90%        N/A       1%          4
 Iskenderun's Mystic Bla  Conj/Tloc      100%       2d19      1%          4
 Leda's Liquefaction      Hex/Erth       64%        N/A       1%          4
 Olgreb's Toxic Radiance  Pois           54%        N/A       1%          4
 Agony                    Necr           100%       N/A       1%          5
 Alistair's Intoxication  Tmut/Pois      60%        N/A       1%          5
 Blade Hands              Tmut           57%        N/A       1%          5
 Excruciating Wounds      Necr           73%        N/A       1%          5
 Irradiate                Conj/Tmut      61%        3d34      1%          5
 Lightning Bolt           Conj/Air       50%        1d71      1%          5
 Yara's Violent Unravell  Hex/Tmut       45%        3d18      1%          5
 Conjure Ball Lightning   Conj/Air       50%        3x3d17    1%          6
 Death Channel            Necr           73%        N/A       1%          6
 Eringya's Noxious Bog    Tmut/Pois      45%        N/A       1%          6
 Starburst                Conj/Fire      77%        6d20      1%          6
 Dragon Form              Tmut           57%        N/A       1%          7
 Orb of Destruction       Conj           64%        9d15      1%          7
 Spellforged Servitor     Conj/Summ      50%        N/A       1%          7
 Simulacrum               Ice/Necr       59%        N/A       2%          6
 Cause Fear               Hex            27%        N/A       6%          4
 Passage of Golubria      Tloc           54%        N/A       6%          4
 Summon Ice Beast         Ice/Summ       54%        N/A       6%          4
 Summon Lightning Spire   Summ/Air       54%        N/A       6%          4
 Haunt                    Necr/Summ      59%        N/A       12%         7
 Manifold Assault         Tloc           54%        N/A       16%         5
 Metabolic Englaciation   Hex/Ice        27%        N/A       16%         5
 Silence                  Hex/Air        27%        N/A       16%         5
 Summon Forest            Summ/Tloc      27%        N/A       16%         5
 Summon Mana Viper        Hex/Summ       54%        N/A       16%         5
 Storm Form               Tmut/Air       45%        N/A       22%         7
 Dispersal                Tloc           27%        N/A       61%         6
 Summon Cactus Giant      Summ           27%        N/A       61%         6
 Ozocubu's Refrigeration  Ice            27%        4d10      69%         7
 Enfeeble                 Hex            27%        N/A       99%         7
 Malign Gateway           Summ/Tloc      27%        N/A       99%         7
 Summon Hydra             Summ           27%        N/A       99%         7
 Discord                  Hex            27%        N/A       100%        8
 Disjunction              Tloc           27%        N/A       100%        8
 Summon Horrible Things   Summ           27%        N/A       100%        8
 Dragon's Call            Summ           27%        N/A       100%        9
 Sublimation of Blood     Necr           Unusable   N/A       N/A         2
 Statue Form              Tmut/Erth      Unusable   N/A       N/A         6

Dungeon Overview and Level Annotations

Branches:
Dungeon (15/15)            Temple (1/1) D:6            Lair (6/6) D:11
 Shoals (4/4) Lair:3       Spider (4/4) Lair:3        Slime (0/5) Lair:6
    Orc (2/2) D:11            Elf (3/3) Orc:2        Vaults (5/5) D:13
  Crypt (3/3) Vaults:3       Tomb (0/3) Crypt:3      Depths (4/4) D:15
   Hell (visited)             Dis (0/7) Hell            Geh (0/7) Hell
    Coc (7/7) Hell            Tar (0/7) Hell            Zot (5/5) Depths:4
Desolation (visited)

Altars:
Ashenzari
Cheibriados
Dithmenos
Elyvilon
Fedhas
Gozag
Hepliaklqana
Kikubaaqudgha
Makhleb
Nemelex Xobeh
Okawaru
Qazlal
Ru
Sif Muna
Trog
Uskayaw
Vehumet
Wu Jian
Xom
Yredelemnul
Zin
The Shining One

Shops:
D:3 !   D:8 !   Orc:2 :[(*   Elf:1 (   Shoals:2 (   Vaults:2 [   Vaults:4 *
Vaults:5 *[   Depths:1 ((   Depths:3 *   Depths:4 :==

Portals:
Hell: Depths:1 Depths:2 Depths:3 Depths:4
Abyss: Depths:1 Depths:3
Pandemonium: Depths:2 Depths:4

Annotations:
Elf:2 1 exclusion
Elf:3 6 transporters
Vaults:1 3 runed translucent doors


Innate Abilities, Weirdness & Mutations

You are an undead lich.
Your unarmed attacks are suffused with negative energy.
You are immune to unholy pain and torment.
Your necromantic spells are more powerful.
You cannot drink.
You are flying.
You are immune to sickness and miasma.
Your stone body is resilient. (AC +20)
You are immune to poison.
Your large and strong wings let you fly.
You resist negative energy. (rN+)
You are resistant to electric shocks. (rElec)
You are resistant to unholy torment.
You are immune to petrification.
You have a pair of small horns on your head.
You have supernaturally acute eyesight. (SInv)
Armour fits poorly on your strangely shaped body.
Your muscles are strong. (Str +2)
You have hidden genetic potential.


Message History

You block the bennu's attack.
GONNNNG!
The bennu claws you but does no damage. The bennu pecks you!
The bennu sears you!!
* * * LOW HITPOINT WARNING * * *
The bennu claws you but does no damage. The bennu barely misses you.
The royal mummy hits you!
* * * LOW HITPOINT WARNING * * *
You block the bennu's attack.
PTOANNNG!
The bennu claws you!
* * * LOW HITPOINT WARNING * * *
The bennu claws you but does no damage.
A mummy comes into view.
A guardian mummy comes into view.
A titan zombie comes into view.
You block the bennu's attack.
GONNNNG!
You block the bennu's attack.
BONNNG!
The bennu closely misses you.
The royal mummy hits you but does no damage.
Unknown command.
Unknown command.
Unknown command.
Blink to where?
Press: ? - help, Dir - move target
As you read the scroll of blinking, it crumbles to dust.
The bennu jubilantly flits about.
The royal mummy mumbles some strange words.
Unknown command.
Unknown command.
As you read the scroll of summoning, it crumbles to dust.
Wisps of shadow whirl around you...
The royal mummy gestures wildly while chanting.
Send 'em back where they came from!
Your mummy shudders.
Your guardian mummy shudders.
Your mummy priest shudders.
Your guardian mummy shudders.
The royal mummy points at you and mumbles some strange words.
Something smites you!
You die...

▓▓▓▓▓▓ ......▓
......M▓▓
..........L▓▓
............▓▓
........M.MM.▓▓
Z......B.Z....▓▓
..........bb...▓▓
................▓▓
.....M...........▓▓
M..M.†M.........∩.▓
MM...............▓▓


You could see 2 royal mummies, 2 bennus, a mummy priest, a death scarab
(summoned), a juggernaut zombie (ally target), a friendly mummy priest
(summoned), 2 friendly guardian mummies and a friendly mummy (summoned).

Vanquished Creatures
  Antaeus (Coc:7)
  7 dread liches
  3 orbs of fire (Zot:5)
  Mara (Spider:3)
  15 ancient liches
  5 juggernauts
  7 royal mummies (Zig:24)
  18 shard shrikes
  3 Killer Klowns
  Geryon (Hell)
  14 golden dragons
  Margery (Depths:4)
  6 curse toes
  5 caustic shrikes (Zig:23)
  A Brimstone Fiend (Zig:4)
  4 electric golems
  3 iron giants (Zig:23)
  12 tentacled monstrosities
  Mlioglotl (Shoals:4)
  A hellephant (Zig:4)
  17 Ice Fiends
  8 Hell Sentinels (Zig:23)
  24 Orb Guardians
  3 liches
  11 titans
  A deep elf master archer (Elf:3)
  7 quicksilver dragons
  2 krakens
  4 death cobs
  Polyphemus (Shoals:2)
  7 sphinxes
  14 acid blobs
  13 ancient champions
  11 shadow dragons
  3 tentacled starspawn
  Kirke (Shoals:4)
  Donald (Spider:1)
  Gastronok (D:9)
  2 nagarajas (Zig:10)
  11 storm dragons
  10 tengu reavers
  4 rockslimes
  2 thorn hunters
  2 revenants
  17 frost giants
  9 draconian monks
  7 emperor scorpions
  22 azure jellies
  7 fire giants
  29 narguns
  16 vault wardens
  3 imperial myrmidons (Desolation)
  2 iron dragons
  12 orc warlords
  7 deep elf sorcerers
  5 quicksilver elementals (Zig:23)
  A cacodemon (Depths:4)
  2 juggernaut zombies
  10 shard shrike simulacra
  4 balrugs
  6 draconian knights
  A ghost moth (shapeshifter) (Vaults:5)
  2 draconian shifters
  7 deep elf elementalists (Elf:3)
  4 draconian scorchers
  7 draconian annihilators
  8 draconian stormcallers
  7 ghost moths
  A caustic shrike skeleton (Crypt:2)
  A spriggan defender (Depths:3)
  6 ironbound thunderhulks
  A caustic shrike zombie (Zig:24)
  16 ghouls
  22 ironbound preservers
  A broodmother (Spider:2)
  12 reapers
  An angel (Zig:7)
  2 juggernaut skeletons
  2 curse skulls (Zig:15)
  8 war gargoyles
  15 stone giants
  3 quicksilver oozes
  10 deep elf demonologists
  25 elemental wellsprings
  2 bennus (Zig:24)
  7 green draconians
  4 eleionomae
  A halazid warlock (Desolation)
  2 lorocyprocas
  13 vampire knights
  41 very ugly things
  6 deep elf annihilators
  Azrael (Spider:1)
  16 red draconians
  8 entropy weavers
  Nessos (D:13)
  5 spark wasps
  3 dire elephants
  8 yellow draconians
  11 purple draconians
  3 minotaurs (Shoals:4)
  22 wendigos
  4 eidola
  9 white draconians
  6 bunyips
  2 blizzard demons (Depths:4)
  7 black draconians
  16 ettins
  8 fire dragons
  7 iron golems
  17 merfolk impalers
  The ghost of kwass the Blocker, a journeyman GnFi of Qazlal (D:10)
  10 green deaths
  4 crystal guardians
  10 deep elf death magi
  16 merfolk javelineers
  17 yaktaur captains
  9 ragged hierophants (Desolation)
  3 mummy priests (Zig:24)
  Josephine (Spider:1)
  3 shambling mangroves (Zig:22)
  4 jiangshi
  7 peacekeepers
  5 rakshasas
  9 deep elf high priests
  A quicksilver dragon skeleton (Zig:24)
  A hell beast (Depths:4)
  A kraken zombie (Hell)
  30 vault guards
  11 ice dragons
  5 spriggan air magi
  12 great orbs of eyes
  A salamander tyrant (Depths:3)
  A boulder beetle (shapeshifter) (Vaults:5)
  A hydra (shapeshifter) (Vaults:5)
  22 hydras
  2 alligator snapping turtles
  11 caustic shrike simulacra
  7 juggernaut simulacra
  2 ghost crabs (Zig:22)
  9 boulder beetles
  2 catoblepae
  4 ironbound frosthearts
  An ogre mage (D:15)
  10 servants of whispers (Desolation)
  2 radroaches
  8 merfolk avatars
  7 centaur warriors
  9 two-headed ogres
  2 alligators (Zig:22)
  4 spriggan skeletons
  17 merfolk aquamancers
  24 dancing weapons
  2 hell hogs (Depths:3)
  6 death knights
  17 satyrs
  3 death scarabs (Zig:24)
  3 tengu warriors
  10 deep troll earth magi
  10 deep troll shamans
  Urug (Lair:3)
  7 death yaks
  11 vampire magi
  9 orc high priests
  2 storm dragon zombies
  3 spriggan berserkers
  32 hell knights
  Sonja (Orc:1)
  4 thrashing horrors
  5 wretched stars
  28 deep elf knights
  A shock serpent (shapeshifter) (Vaults:5)
  10 crystal echidnas (Zig:23)
  9 soul eaters
  A titan skeleton (Depths:1)
  Nergalle (D:11)
  11 iron trolls
  3 sixfirhies
  3 salamander mystics (Depths:3)
  3 spatial maelstroms (Zig:17)
  3 sun moths
  7 quicksilver dragon simulacra
  20 sun demons
  4 goliath frogs
  5 spriggan druids
  2 anaconda zombies
  14 swamp dragons
  3 shadow wraiths
  24 skeletal warriors
  7 pharaoh ants
  10 death drakes
  12 steelbarb worms
  60 deep trolls
  16 deep elf archers
  9 bog bodies
  29 sea snakes
  9 flayed ghosts
  An orb spider (shapeshifter) (D:15)
  7 orb spiders
  7 spriggan simulacra
  19 ironbound convokers
  A glowing orange brain (shapeshifter) (Zig:14)
  8 glowing orange brains
  42 deep elf pyromancers
  9 starcursed masses
  17 phantasmal warriors
  41 harpies
  The ghost of adperon the Fighter, a novice VSAK of Lugonu (D:9)
  A lindwurm (Vaults:2)
  19 orc knights
  An anaconda skeleton (Hell)
  10 wizards
  14 necromancers
  A fire giant zombie (Depths:1)
  27 deep elf zephyrmancers
  A shadow dragon skeleton (Zig:24)
  An iron dragon zombie (Zig:24)
  22 wolf spiders
  62 ugly things
  7 salamanders (Depths:3)
  42 fauns
  7 shining eyes
  26 moths of wrath
  9 cyclopes
  A cyclops (shapeshifter) (Vaults:4)
  A tengu skeleton (Zig:24)
  A worldbinder (Zig:8)
  8 orc sorcerers
  2 frost giant zombies (D:15)
  38 manticores
  An iron dragon skeleton (Zig:24)
  3 black mambas
  An eye of devastation (shapeshifter) (Zig:14)
  3 titan simulacra
  13 water nymphs
  4 will-o-the-wisps
  3 frost giant skeletons
  5 torpor snails
  16 elephants
  18 merfolk sirens
  A naga mage (Zig:10)
  5 guardian serpents
  2 rust devils (Hell)
  Maurice (Orc:1)
  A gargoyle (D:12)
  An orange demon (Zig:17)
  17 vault sentinels
  An apocalypse crab (Zig:17)
  5 molten gargoyles
  5 ice statues
  3 spriggan zombies
  4 eyes of devastation
  10 smoke demons
  12 cane toads
  2 naga zombies (Hell)
  An unseen horror (D:12)
  5 komodo dragons
  7 demonic crawlers
  11 hellions
  Psyche (D:9)
  2 rime drakes (shapeshifter)
  23 freezing wraiths
  A death yak zombie (Crypt:3)
  A komodo dragon (shapeshifter) (Depths:3)
  8 rime drakes
  2 grey draconian skeletons (Crypt:1)
  A white draconian zombie (Crypt:1)
  An alligator snapping turtle skeleton (Crypt:2)
  6 tormentors
  4 golden dragon simulacra
  2 ice devils
  A hellwing (Depths:2)
  5 ancient zymes
  4 iron giant simulacra
  27 yaktaurs
  2 red devils
  4 anaconda simulacra
  2 efreet (D:15)
  3 polar bears
  6 tengu conjurers
  3 sea snake skeletons (Hell)
  16 guardian mummies (Zig:24)
  A bunyip simulacrum (Coc:2)
  15 meliai
  A death drake zombie (Crypt:2)
  A bloated husk (Zig:11)
  10 wind drakes
  9 trolls
  A harpy skeleton (Hell)
  2 tyrant leeches (Zig:11)
  62 merfolk
  14 hornets
  12 blink frogs
  40 slime creatures
  An iron troll skeleton (Crypt:1)
  26 tarantellas
  2 raiju
  57 saltlings (Desolation)
  An ettin zombie (Hell)
  3 iron dragon simulacra
  8 dream sheep
  2 hydra skeletons (Hell)
  21 snapping turtles
  3 stone giant simulacra
  A dream sheep (shapeshifter) (Depths:3)
  A culicivora zombie (Crypt:3)
  A black mamba zombie (Hell)
  14 flying skulls
  24 jumping spiders
  6 spriggans
  An air elemental (Elf:1)
  2 culicivoras (shapeshifter)
  38 water elementals
  An ice dragon skeleton (Crypt:1)
  A shadow (D:12)
  25 culicivoras
  2 centaur simulacra
  2 vampires
  A fire dragon skeleton (Crypt:2)
  11 wraiths
  5 dire elephant simulacra
  6 wyverns
  3 ynoxinuls
  4 basilisks
  5 fire elementals
  2 black mamba skeletons
  3 golden eyes
  A hog (Shoals:4)
  41 yaks
  6 chaos spawn
  A basilisk (shapeshifter) (D:13)
  A neqoxec (Depths:2)
  7 ushabtiu (Zig:24)
  16 vampire mosquitoes
  An alligator snapping turtle simulacrum (Coc:3)
  64 redbacks
  2 spatial vortices (Zig:17)
  18 harpy simulacra
  5 acid dragons
  A deep troll zombie (Crypt:1)
  4 wargs
  21 water moccasins
  5 hell hounds
  23 large abominations
  A cane toad zombie (Crypt:1)
  4 floating eyes
  4 hydra simulacra
  A naga skeleton (Crypt:1)
  9 small abominations
  A fire dragon simulacrum (Crypt:1)
  43 orc warriors
  A swamp drake (Zig:22)
  3 black bears
  7 necrophages
  A manticore zombie (Crypt:1)
  3 ice beasts (Coc:5)
  2 sky beasts
  A snapping turtle zombie (Crypt:2)
  4 ettin simulacra
  A black mamba simulacrum (Crypt:2)
  A manticore skeleton (Crypt:3)
  9 boggarts
  13 ogres
  19 centaurs
  21 wolves
  A blink frog skeleton (Crypt:3)
  A phantom (D:4)
  3 kobold brigands
  10 bullfrogs
  A cyclops zombie (Crypt:1)
  5 earth elementals
  4 gnoll sergeants
  2 scorpions
  A draconian skeleton (Crypt:3)
  3 naga simulacra
  A komodo dragon skeleton (Crypt:3)
  4 water moccasin skeletons
  A killer bee (D:9)
  11 wights
  6 electric eels (D:10)
  A raiju skeleton (Crypt:1)
  A howler monkey (shapeshifter) (Vaults:5)
  5 howler monkeys
  3 centaur zombies
  A bullfrog zombie (D:5)
  4 hounds
  25 orc priests
  3 centaur skeletons
  Jessica (D:2)
  6 iguanas
  12 orc wizards
  A demigod skeleton (Crypt:1)
  A dwarf skeleton (Crypt:2)
  18 mummies (Zig:24)
  2 hound skeletons
  23 gnolls
  5 adders
  A swamp drake zombie (Crypt:2)
  A shadow imp (D:8)
  A white imp (Coc:5)
  2 ufetubi
  An iguana zombie (Crypt:3)
  A worm (D:2)
  A dart slug (D:3)
  50 orcs
  4 bats
  6 endoplasms
  5 giant cockroaches
  5 hobgoblins
  8 jackals
  18 kobolds
  4 ball pythons
  A ball python skeleton (Crypt:2)
  A ball python zombie (Crypt:3)
  3 frilled lizards
  A frilled lizard skeleton (Crypt:3)
  A gnoll zombie (Crypt:1)
  4 goblins
  A jackal zombie (Crypt:3)
  A quokka zombie (Crypt:2)
  6 rats
  3 starspawn tentacles (Zig:17)
  7 tentacles
3416 creatures vanquished.

Vanquished Creatures (collateral kills)
  A juggernaut (Zig:18)
  A bone dragon (Zig:15)
  2 shadow dragons
  An azure jelly (Zig:16)
  A nargun (Coc:7)
  A draconian knight (Zot:5)
  4 quicksilver oozes (Zig:16)
  A yellow draconian (Zot:4)
  A green death (Zig:22)
  A dancing weapon (Zig:5)
  A wretched star (Zig:8)
  A shining eye (Zig:16)
  3 slime creatures
  A flying skull (Zig:24)
  A dire elephant simulacrum (Coc:4)
  A harpy simulacrum (Coc:7)
  A small abomination (Zig:7)
  An orc warrior (Zig:18)
  An orc priest (Zig:18)
  A briar patch (Zig:22)
26 creatures vanquished.

Vanquished Creatures (others)
  A shard shrike (Zig:13)
  A draconian knight (Zot:2)
  A white draconian (Zot:2)
  A boulder beetle (Spider:1)
  2 caustic shrike simulacra
  A deep elf zephyrmancer (Elf:1)
  A deep elf pyromancer (Elf:1)
  A will-o-the-wisp (Zig:11)
  A golden dragon simulacrum (Zig:13)
  2 bloated husks
  A hornet (Zig:22)
  A jumping spider (Spider:2)
  3 humans (Shoals:4)
  An orc (Orc:1)
  2 bushes
  205 fire vortices
  4 foxfires
  56 fungi
  116 plants
  6 tentacles
  35 withered plants
442 creatures vanquished.

Grand Total: 3884 creatures vanquished

Notes
Turn   | Place    | Note
-------+----------+-------------------------------------------
     0 | D:1      | protoss039 the Gargoyle Earth Elementalist began the quest
                  | for the Orb.
     0 | D:1      | Reached XP level 1. HP: 10/10 MP: 3/3
   144 | D:1      | Reached skill level 1 in Transmutations
   207 | D:1      | Reached XP level 2. HP: 15/15 MP: 5/5
   560 | D:1      | Found a faded altar of an unknown god.
   754 | D:2      | Learned a level 2 spell: Passwall
   777 | D:2      | Reached XP level 3. HP: 7/19 MP: 1/7
  1034 | D:2      | Learned a level 3 spell: Stone Arrow
  1523 | D:2      | Reached XP level 4. HP: 17/24 MP: 2/8
  1687 | D:2      | Reached skill level 1 in Conjurations
  1900 | D:2      | Noticed Jessica
  1904 | D:2      | Killed Jessica
  2029 | D:2      | Reached XP level 5. HP: 28/28 MP: 8/10
  2462 | D:3      | Reached skill level 5 in Earth Magic
  2510 | D:3      | Reached XP level 6. HP: 25/32 MP: 6/12
  3302 | D:3      | Found Cievedeg's Distillery.
  4245 | D:4      | Reached XP level 7. HP: 29/36 MP: 14/14
  4485 | D:4      | Reached skill level 5 in Spellcasting
  5043 | D:5      | Entered Level 5 of the Dungeon
  5572 | D:5      | Reached XP level 8. HP: 28/41 MP: 16/16
  6635 | D:6      | Reached skill level 1 in Fighting
  7091 | D:6      | Reached skill level 5 in Conjurations
  7370 | D:6      | Reached XP level 9. HP: 50/50 MP: 17/19
  7441 | D:6      | Found a staircase to the Ecumenical Temple.
  7940 | Temple   | Entered the Ecumenical Temple
  8156 | Temple   | Became a worshipper of Vehumet
  8368 | D:7      | Found a sparkling altar of Nemelex Xobeh.
  9232 | D:8      | Reached skill level 1 in Armour
  9571 | D:9      | Learned a level 3 spell: Swiftness
  9571 | D:9      | Noticed a troll
  9580 | D:9      | Killed a troll
  9732 | D:9      | Found a faded altar of an unknown god.
  9732 | D:9      | Found a glowing golden altar of the Shining One.
  9757 | D:9      | Found a shimmering altar of Xom.
  9759 | D:9      | Found a glowing silver altar of Zin.
  9762 | D:9      | Found a shadowy altar of Dithmenos.
  9940 | D:9      | Noticed Psyche
  9947 | D:9      | Killed Psyche
  9948 | D:9      | Reached XP level 10. HP: 56/57 MP: 18/22
 10084 | D:9      | Reached * piety under Vehumet
 10084 | D:9      | Offered knowledge of Freeze by Vehumet.
 10280 | D:8      | Found Uliumoe's Distillery.
 10303 | D:8      | Identified the ring "Uzeteino" {rC- rN+ Str+4 Int+4}
 10614 | D:8      | Noticed a red ugly thing
 10688 | D:8      | Reached skill level 5 in Fighting
 10790 | D:8      | Found a snail-covered altar of Cheibriados.
 10812 | D:8      | Found a burning altar of Makhleb.
 10919 | D:8      | Noticed a two-headed ogre
 10921 | D:8      | Got the Papyrus of Shifting Execration
 10925 | D:8      | Killed a two-headed ogre
 10926 | D:8      | Reached skill level 1 in Shields
 11070 | D:8      | Reached ** piety under Vehumet
 11070 | D:8      | Offered knowledge of Searing Ray by Vehumet.
 11423 | D:8      | Killed a red ugly thing
 11602 | D:9      | Noticed adperon's ghost (novice VSAK)
 11608 | D:9      | Found a runed translucent door.
 11862 | D:9      | Noticed Gastronok
 11874 | D:9      | Reached XP level 11. HP: 64/64 MP: 17/24
 12004 | D:9      | Killed Gastronok
 12005 | D:9      | Reached skill level 10 in Spellcasting
 12046 | D:9      | Noticed a two-headed ogre
 12062 | D:9      | Killed a two-headed ogre
 12273 | D:9      | Killed adperon's ghost
 12339 | D:10     | Entered Level 10 of the Dungeon
 12341 | D:10     | Noticed a boulder beetle
 12595 | D:10     | Noticed a two-headed ogre
 12607 | D:10     | Killed a two-headed ogre
 13019 | D:10     | Found a portal to a secret trove of treasure.
 13287 | D:10     | Noticed a manticore
 13321 | D:11     | Noticed a cyan ugly thing
 13329 | D:11     | Killed a cyan ugly thing
 13461 | D:11     | Offered knowledge of Frozen Ramparts by Vehumet.
 13462 | D:11     | Reached skill level 5 in Shields
 13682 | D:11     | Reached *** piety under Vehumet
 13744 | D:11     | Found a staircase to the Lair.
 13761 | D:11     | Reached XP level 12. HP: 54/72 MP: 26/27
 13828 | D:11     | Noticed kwass's ghost (journeyman GnFi)
 13912 | D:11     | Found a runed translucent door.
 13958 | D:11     | Found a staircase to the Orcish Mines.
 14469 | D:12     | Reached skill level 5 in Armour
 14636 | D:12     | Noticed a two-headed ogre
 14645 | D:12     | Killed a two-headed ogre
 14705 | D:12     | Offered knowledge of Airstrike by Vehumet.
 15038 | D:12     | Found a hazy altar of Hepliaklqana.
 15080 | D:12     | Noticed a boulder beetle
 15099 | D:12     | Killed a boulder beetle
 15557 | D:13     | Noticed Nessos
 15768 | D:13     | Noticed a six-headed hydra
 15866 | D:13     | Killed a six-headed hydra
 16023 | D:13     | Noticed a tengu reaver
 16107 | Lair:1   | Entered Level 1 of the Lair of Beasts
 16191 | Lair:1   | Reached skill level 10 in Conjurations
 16611 | Lair:1   | Reached **** piety under Vehumet
 16735 | Lair:1   | Reached XP level 13. HP: 80/80 MP: 22/29
 17239 | Lair:2   | Offered knowledge of Flame Wave by Vehumet.
 17245 | Lair:2   | Learned a level 4 spell: Flame Wave
 18412 | Lair:3   | Noticed Urug
 18424 | Lair:3   | Learned a level 5 spell: Fireball
 18509 | Lair:3   | Reached skill level 1 in Fire Magic
 18729 | Lair:3   | Found a hole to the Spider Nest.
 18808 | Lair:3   | Found a staircase to the Shoals.
 19068 | Lair:3   | Killed Urug
 19069 | Lair:3   | Reached ***** piety under Vehumet
 19215 | Lair:3   | Offered knowledge of Iskenderun's Mystic Blast by Vehumet.
 19475 | Lair:4   | Learned a level 6 spell: Starburst
 20051 | Lair:4   | Reached skill level 10 in Earth Magic
 20099 | Lair:4   | Gained mutation: Your large and strong wings let you fly.
                  | [Gargoyle growth]
 20099 | Lair:4   | Reached XP level 14. HP: 86/86 MP: 29/31
 21746 | Lair:5   | Identified the +1 rapier of Ostoosmi {speed, rC++ Str+4
                  | Int-5}
 21824 | Lair:6   | Entered Level 6 of the Lair of Beasts
 21883 | Lair:5   | Reached skill level 5 in Fire Magic
 22336 | Lair:6   | Found a staircase to the Slime Pits.
 24668 | D:10     | Killed kwass's ghost
 24668 | D:10     | Offered knowledge of Conjure Ball Lightning by Vehumet.
 24859 | D:11     | Got the Tome of the Mountains
 24867 | D:11     | Learned a level 6 spell: Iron Shot
 24961 | D:13     | Noticed an ironbound preserver
 24972 | D:13     | Reached XP level 15. HP: 52/91 MP: 13/33
 25105 | D:13     | Found a gate to the Vaults.
 25685 | D:13     | Found an iron altar of Okawaru.
 25949 | D:13     | Identified the ring "Kaiteron" {Fire rCorr Str+3}
 25953 | D:13     | Killed a tengu reaver
 26286 | D:13     | Killed Nessos
 26573 | D:14     | Reached skill level 10 in Fighting
 26573 | D:14     | Reached skill level 10 in Shields
 27740 | D:15     | Entered Level 15 of the Dungeon
 28156 | D:15     | Found a flickering gateway to a bazaar.
 28169 | Bazaar   | Entered a bazaar
 28169 | Bazaar   | Found Kadoir's Weapon Boutique.
 28169 | Bazaar   | Found Baexzeip's Weapon Shop.
 28169 | Bazaar   | Found Ypiru's Antique Weapon Shoppe.
 28238 | Bazaar   | Found Saeh's Book Emporium.
 28238 | Bazaar   | Found Wicegeot's Jewellery Shop.
 28284 | Bazaar   | Bought a Trismegistus Codex for 252 gold pieces
 28309 | Bazaar   | Bought a steaming long sword for 238 gold pieces
 28309 | Bazaar   | Identified the +4 long sword of Kopnemah {distort, rC+
                  | Int+3} (You bought it in a shop in a bazaar)
 28309 | Bazaar   | Bought an iridescent great mace for 322 gold pieces
 28309 | Bazaar   | Identified the +3 great mace of Impatience {freeze, Str+3}
                  | (You bought it in a shop in a bazaar)
 28716 | D:15     | Reached XP level 16. HP: 99/99 MP: 0/34
 29009 | D:15     | Found a staircase to the Depths.
 29185 | D:15     | Learned a level 5 spell: Freezing Cloud
 29207 | D:15     | Offered knowledge of Lee's Rapid Deconstruction by Vehumet.
 29738 | Orc:1    | Entered Level 1 of the Orcish Mines
 29738 | Orc:1    | Noticed Maurice
 29739 | Orc:1    | Noticed Nergalle
 29793 | D:11     | Learned a level 3 spell: Mephitic Cloud
 29809 | D:11     | Killed Nergalle
 29934 | Orc:1    | Killed Maurice
 29935 | Orc:1    | Reached skill level 15 in Spellcasting
 29941 | Orc:1    | Noticed Sonja
 30080 | Orc:1    | Killed Sonja
 30210 | Orc:1    | You are sucked into a shaft and drop 1 floor!
 30210 | Orc:2    | Entered Level 2 of the Orcish Mines
 30210 | Orc:2    | Found Enoli's Antique Weapon Boutique.
 30215 | Orc:2    | Found Vownut's Book Shop.
 31829 | Orc:2    | Found a staircase to the Elven Halls.
 31893 | Orc:2    | Found Ciemog's Antique Armour Boutique.
 31963 | Orc:2    | Found Ycwusmes's General Store.
 32056 | Orc:2    | Bought a scroll of identify for 28 gold pieces
 32153 | Orc:2    | Offered knowledge of Yara's Violent Unravelling by Vehumet.
 32409 | Orc:2    | Bought a book of Unlife for 504 gold pieces
 32415 | Orc:2    | Learned a level 5 spell: Borgnjor's Vile Clutch
 32554 | Orc:2    | Bought an embroidered cloak for 247 gold pieces
 32691 | D:8      | Bought a potion of cancellation for 104 gold pieces
 32691 | D:8      | Bought a potion of resistance for 130 gold pieces
 32691 | D:8      | Bought a potion of might for 52 gold pieces
 32832 | D:3      | Bought a potion of attraction for 36 gold pieces
 32832 | D:3      | Bought a potion of curing for 36 gold pieces
 32832 | D:3      | Bought 2 potions of curing for 72 gold pieces
 32832 | D:3      | Bought a potion of invisibility for 96 gold pieces
 32832 | D:3      | Bought a potion of curing for 36 gold pieces
 32832 | D:3      | Bought a potion of ambrosia for 96 gold pieces
 32832 | D:3      | Bought a potion of mutation for 96 gold pieces
 33136 | Spider:1 | Entered Level 1 of the Spider Nest
 33342 | Spider:1 | Noticed Azrael
 33348 | Spider:1 | Killed Azrael
 33508 | Spider:1 | Reached skill level 1 in Necromancy
 33934 | Spider:1 | Noticed Josephine
 33940 | Spider:1 | Killed Josephine
 33960 | Spider:1 | Noticed Donald
 34089 | Spider:1 | Identified the +3 dagger "Lefienn" {freeze, +Blink Will+
                  | Dex+4}
 34113 | Spider:1 | Killed Donald
 34439 | Spider:1 | Offered knowledge of Eringya's Noxious Bog by Vehumet.
 35126 | Spider:2 | You are sucked into a shaft and drop 1 floor!
 35535 | Spider:2 | Identified a scroll of acquirement
 35536 | Spider:2 | Acquired a ring of see invisible
 35778 | Spider:2 | Reached XP level 17. HP: 106/106 MP: 26/36
 37026 | Spider:2 | Reached skill level 5 in Necromancy
 37440 | Spider:3 | Offered knowledge of Iskenderun's Battlesphere by Vehumet.
 37655 | Spider:3 | Reached skill level 5 in Transmutations
 38988 | Spider:3 | Noticed Mara
 39075 | Spider:3 | Killed Mara
 39586 | Spider:4 | Entered Level 4 of the Spider Nest
 40012 | Spider:4 | Reached skill level 1 in Staves
 40017 | Spider:4 | Reached ****** piety under Vehumet
 40111 | Spider:4 | Offered knowledge of Spellforged Servitor by Vehumet.
 41222 | Spider:4 | Reached XP level 18. HP: 112/112 MP: 30/38
 41942 | Spider:4 | Got a gossamer rune of Zot
 42041 | Spider:4 | Learned a level 8 spell: Lehudib's Crystal Spear
 42151 | Shoals:1 | Entered Level 1 of the Shoals
 43495 | Shoals:1 | Got the Compendium of Glamour
 43547 | Shoals:1 | Reached skill level 15 in Earth Magic
 43590 | Shoals:1 | Reached skill level 10 in Fire Magic
 44097 | Shoals:1 | Offered knowledge of Fire Storm by Vehumet.
 44097 | Shoals:1 | Offered knowledge of Shatter by Vehumet.
 44097 | Shoals:1 | Offered knowledge of Maxwell's Capacitive Coupling by
                  | Vehumet.
 45413 | Shoals:2 | Reached skill level 10 in Armour
 45935 | Shoals:2 | Noticed Polyphemus
 45948 | Shoals:2 | Killed Polyphemus
 46594 | Shoals:2 | Reached XP level 19. HP: 90/116 MP: 31/40
 47247 | Shoals:2 | Found Peheh's Antique Weapon Emporium.
 49173 | Shoals:4 | Entered Level 4 of the Shoals
 49540 | Shoals:4 | Noticed Mlioglotl
 49719 | Shoals:4 | Paralysed by a sphinx for 7 turns
 49822 | Shoals:4 | Got a barnacled rune of Zot
 49861 | Shoals:4 | Got the Guide on Changing and the Compass
 50094 | Shoals:4 | Noticed Kirke
 50099 | Shoals:4 | Killed Kirke
 51157 | Shoals:4 | Killed Mlioglotl
 51426 | Elf:1    | Entered Level 1 of the Elven Halls
 51612 | Elf:1    | Reached XP level 20. HP: 118/122 MP: 6/41
 52116 | Elf:1    | Found Imyx's Weapon Shop.
 52831 | Elf:1    | Got the Incunabulum of Calling
 53237 | Elf:2    | Got the Grimoire of Fiery Toxins
 53366 | Elf:2    | Identified the +1 leather armour "Ogil" {rCorr}
 53553 | Elf:2    | Found a runed translucent gate.
 53554 | Elf:2    | Found a runed translucent gate.
 53554 | Elf:2    | Found a runed translucent gate.
 54333 | Elf:2    | Reached skill level 15 in Conjurations
 55262 | Elf:3    | Entered Level 3 of the Elven Halls
 55831 | Elf:3    | Found a transporter.
 55833 | Elf:3    | Found a transporter.
 56062 | Elf:3    | Found a transporter.
 56064 | Elf:3    | Found a transporter.
 56324 | Elf:3    | Found a transporter.
 56325 | Elf:3    | Found a transporter.
 57124 | Elf:3    | Reached XP level 21. HP: 127/127 MP: 20/43
 57868 | Elf:3    | Learned a level 8 spell: Ignition
 57881 | Elf:3    | Learned a level 9 spell: Shatter
 57964 | Elf:3    | Identified the +0 double sword of Othroihio {protect,
                  | +Blink rCorr Int-4}
 58383 | Elf:3    | Identified the +3 hunting sling of Boasuh {flame, Fragile
                  | rElec Will++ Str+5}
 58689 | D:8      | Bought a potion of haste for 130 gold pieces
 58689 | D:8      | Bought a potion of mutation for 104 gold pieces
 58689 | D:8      | Bought a potion of ambrosia for 104 gold pieces
 58689 | D:8      | Bought a potion of magic for 104 gold pieces
 58804 | Vaults:1 | Entered Level 1 of the Vaults
 59147 | Vaults:1 | Found a runed translucent gate.
 59147 | Vaults:1 | Found a runed translucent gate.
 59147 | Vaults:1 | Found a runed translucent gate.
 59410 | Vaults:2 | Found Soloarch's Antique Armour Shoppe.
 61391 | Vaults:2 | Reached XP level 22. HP: 135/135 MP: 39/45
 61583 | Vaults:2 | Learned a level 9 spell: Fire Storm
 63523 | Vaults:3 | Found a staircase to the Crypt.
 64532 | Vaults:4 | Found a crumbling gateway.
 64553 | Desolati | Entered the Desolation of Salt
 64633 | Desolati | Reached skill level 5 in Staves
 65509 | Desolati | Identified the ring "Fole Cim" {rC- Int+3 Dex+3 SInv
                  | Stlth+}
 65600 | Desolati | Identified the +8 lajatang "Laav" {holy, rPois Will- Int+3}
 65602 | Desolati | Identified the +2 scale mail of Zin's Supremacy {Harm rC-
                  | rCorr Stlth+}
 65681 | Desolati | Got the Tome of Feathers and Beguiling
 65904 | Desolati | Identified the ring "Moask" {rN+ Slay+2}
 65912 | Desolati | Identified the ring of Ru's Hope {rN+ Str+3 Dex+4}
 65921 | Desolati | Identified the ring "Seorch" {Wiz Slay+3 SInv}
 66436 | Vaults:4 | Found Oremeuc's General Store.
 66465 | Vaults:4 | Bought a scroll of blinking for 165 gold pieces
 66779 | Vaults:4 | Reached XP level 23. HP: 143/143 MP: 46/46
 67411 | Vaults:4 | Reached skill level 15 in Fire Magic
 67694 | Depths:1 | Entered Level 1 of the Depths
 68035 | Depths:1 | Found a one-way gateway to a ziggurat.
 68378 | Depths:1 | You are sucked into a shaft and drop 1 floor!
 68455 | Depths:1 | Found Bidoti Cunih's Weapon Shoppe.
 68455 | Depths:1 | Found Ustratez's Weapon Emporium.
 68731 | Depths:1 | Found a gateway to Hell.
 69325 | Depths:1 | Found a burning altar of Makhleb.
 69555 | Depths:1 | Found a one-way gate to the infinite horrors of the Abyss.
 69558 | Depths:1 | Reached skill level 15 in Fighting
 69643 | Depths:2 | Reached skill level 15 in Armour
 69648 | Depths:2 | Reached skill level 15 in Shields
 70041 | Depths:2 | Noticed a golden dragon
 70048 | Depths:2 | Killed a golden dragon
 70272 | Depths:2 | Got the Tome of Creative Stones
 70510 | Depths:2 | Found a white marble altar of Elyvilon.
 70511 | Depths:2 | Found a glowing silver altar of Zin.
 70513 | Depths:2 | Found a glowing golden altar of the Shining One.
 70983 | Depths:2 | Found a one-way gate leading to the halls of Pandemonium.
 71265 | Depths:3 | Reached XP level 24. HP: 150/150 MP: 46/46
 71961 | Depths:3 | Found Gatiw's Demolitions Depot.
 72141 | Depths:3 | Found a radiant altar of Vehumet.
 73671 | Depths:3 | Acquired 327 gold pieces
 73710 | Depths:4 | Entered Level 4 of the Depths
 74177 | Depths:4 | Noticed a juggernaut
 74191 | Depths:4 | Killed a juggernaut
 74584 | Depths:4 | Noticed Margery
 74595 | Depths:4 | Killed Margery
 75715 | Depths:4 | Found a gate to the Realm of Zot.
 75722 | Depths:4 | Reached XP level 25. HP: 155/155 MP: 26/47
 75864 | Depths:4 | Found Vauhumpe's Book Emporium.
 75864 | Depths:4 | Found Merio's Jewellery Boutique.
 75865 | Depths:4 | Found Qyiqown's Jewellery Boutique.
 76490 | D:10     | You paid a toll of a +6 demon whip to enter a treasure
                  | trove
 76491 | Trove    | Entered a treasure trove
 76495 | Trove    | Found the +18 shield of the Gong {rElec rN+ Will+ EV-5}
 76503 | Trove    | Identified the +1 leather armour of Yredelemnul's Pride
                  | {Int+2 Stlth+}
 76505 | Trove    | Identified the +10 plate armour "Egex" {Drain Dex+8 Stlth+}
 76508 | Trove    | Identified the +1 hat of the Moon Troll {Will- Str+2 Int+2}
 76512 | Trove    | Identified the +0 pair of gloves "Yjes" {rC+++}
 76518 | Trove    | Identified the +3 tower shield "Wyat" {SInv}
 77089 | Vaults:5 | Entered Level 5 of the Vaults
 77513 | Vaults:5 | Noticed an ancient lich
 77580 | Vaults:5 | Killed an ancient lich
 77772 | Vaults:5 | Identified the +5 scale mail "Niddank" {MP+9 Str+5}
 79397 | Vaults:5 | Found Fetung's Antique Armour Shoppe.
 79404 | Vaults:5 | Bought the -2 hat of the Alchemist {rElec rPois rF+ rC+ rN+
                  | Will+ rMut rCorr} for 1416 gold pieces
 79404 | Vaults:5 | Found the -2 hat of the Alchemist {rElec rPois rF+ rC+ rN+
                  | Will+ rMut rCorr}
 79618 | Vaults:5 | Got a silver rune of Zot
 79808 | Vaults:5 | Identified the +1 dagger of Deformation {speed, rF- Dex+5}
 79975 | Vaults:5 | Found Igeamn's Assorted Antiques.
 79983 | Vaults:5 | Bought a potion of heal wounds for 165 gold pieces
 80111 | Vaults:5 | Found the +3 giant club "Skullcrusher" {speed, Str+7}
 80140 | Vaults:5 | Identified the +12 dire flail "Sesua" {vorpal, Contam rN+++
                  | Str+4}
 80322 | Vaults:5 | Identified the +11 long sword of Cietal {chaos, SInv}
 80519 | Crypt:1  | Entered Level 1 of the Crypt
 80822 | Crypt:1  | Reached XP level 26. HP: 160/160 MP: 32/48
 81003 | Crypt:1  | Found an ancient bone altar of Kikubaaqudgha.
 82714 | Crypt:3  | Entered Level 3 of the Crypt
 83058 | Crypt:3  | Found a staircase to the Tomb.
 83064 | Crypt:3  | Identified the +1 chain mail of Maops {rC+ Stlth+}
 83292 | Crypt:3  | Reached skill level 10 in Staves
 83465 | Crypt:2  | Found a basalt altar of Yredelemnul.
 84078 | Crypt:3  | Noticed an ancient lich
 84078 | Crypt:3  | Noticed an ancient lich
 84081 | Crypt:3  | Noticed an ancient lich
 84081 | Crypt:3  | Noticed an ancient lich
 84251 | Crypt:3  | Killed an ancient lich
 84251 | Crypt:3  | Killed an ancient lich
 84355 | Crypt:3  | Killed an ancient lich
 84519 | Crypt:3  | Killed an ancient lich
 84570 | Crypt:3  | Identified the +3 plate armour of Forking Paths {rF- rCorr
                  | Int+3}
 84573 | Crypt:3  | Identified the +2 mace of Heat {spect, rF+ Str+3 Int-3
                  | SInv}
 84992 | Zot:1    | Entered Level 1 of the Realm of Zot
 87279 | Zot:2    | Found a glowing silver altar of Zin.
 87766 | Zot:2    | Reached XP level 27. HP: 96/168 MP: 48/48
 88703 | Zot:3    | Identified the +4 halberd of Trial by Ordeal {vorpal, Drain
                  | Str+7}
 90741 | Zot:5    | Entered Level 5 of the Realm of Zot
 91521 | Zot:5    | Noticed an ancient lich
 91527 | Zot:5    | Killed an ancient lich
 91580 | Zot:5    | Noticed an orb of fire
 91733 | Zot:5    | Noticed an ancient lich
 91733 | Zot:5    | Noticed an ancient lich
 91738 | Zot:5    | Killed an ancient lich
 91738 | Zot:5    | Noticed an orb of fire
 91741 | Zot:5    | Killed an ancient lich
 91872 | Zot:5    | Noticed an orb of fire
 91947 | Zot:5    | Gained mutation: You do not regenerate when monsters are
                  | visible. [an orb of fire]
 91951 | Zot:5    | Killed an orb of fire
 92123 | Zot:5    | Killed an orb of fire
 92271 | Zot:5    | Noticed an ancient lich
 92271 | Zot:5    | Noticed a dread lich
 92277 | Zot:5    | Killed an ancient lich
 92278 | Zot:5    | Reached skill level 10 in Necromancy
 92278 | Zot:5    | Killed a dread lich
 92711 | Zot:5    | Identified the +0 hat of Starshine {rF+ SInv}
 93155 | Zot:5    | Lost mutation: You do not regenerate when monsters are
                  | visible. [potion of mutation]
 93155 | Zot:5    | Gained mutation: You sometimes lose the ability to read
                  | scrolls when taking damage. [potion of mutation]
 93155 | Zot:5    | Gained mutation: You tend to lose your temper in combat.
                  | [potion of mutation]
 93155 | Zot:5    | Gained mutation: You have a pair of small horns on your
                  | head. [potion of mutation]
 93156 | Zot:5    | Lost mutation: You have a pair of small horns on your head.
                  | [potion of mutation]
 93156 | Zot:5    | Lost mutation: You tend to lose your temper in combat.
                  | [potion of mutation]
 93156 | Zot:5    | Lost mutation: You sometimes lose the ability to read
                  | scrolls when taking damage. [potion of mutation]
 93156 | Zot:5    | Gained mutation: Your flesh is heat resistant. (rF+)
                  | [potion of mutation]
 93156 | Zot:5    | Gained mutation: You tend to lose your temper in combat.
                  | [potion of mutation]
 93156 | Zot:5    | Gained mutation: Your flesh is very heat resistant. (rF++)
                  | [potion of mutation]
 93160 | Zot:5    | Killed an orb of fire
 93160 | Zot:5    | Noticed an ancient lich
 93164 | Zot:5    | Identified the +4 hand crossbow of the Heavens {freeze,
                  | rPois rF+ Stlth+}
 93171 | Zot:5    | Killed an ancient lich
 93418 | Zot:5    | Lost mutation: You tend to lose your temper in combat.
                  | [potion of mutation]
 93418 | Zot:5    | Lost mutation: Your flesh is very heat resistant. (rF++)
                  | [potion of mutation]
 93418 | Zot:5    | Lost mutation: Your flesh is heat resistant. (rF+) [potion
                  | of mutation]
 93418 | Zot:5    | Gained mutation: You have a pair of small horns on your
                  | head. [potion of mutation]
 93418 | Zot:5    | Gained mutation: You occasionally shout uncontrollably at
                  | your foes. [potion of mutation]
 93418 | Zot:5    | Gained mutation: Your skin changes colour to match your
                  | surroundings (Stealth+). [potion of mutation]
 93419 | Zot:5    | Lost mutation: You have a pair of small horns on your head.
                  | [potion of mutation]
 93419 | Zot:5    | Lost mutation: Your skin changes colour to match your
                  | surroundings (Stealth+). [potion of mutation]
 93419 | Zot:5    | Lost mutation: You occasionally shout uncontrollably at
                  | your foes. [potion of mutation]
 93419 | Zot:5    | Gained mutation: You have a pair of small horns on your
                  | head. [potion of mutation]
 93419 | Zot:5    | Gained mutation: You have hidden genetic potential. [potion
                  | of mutation]
 93419 | Zot:5    | Gained mutation: You have supernaturally acute eyesight.
                  | (SInv) [potion of mutation]
 93764 | Hell     | Entered the Vestibule of Hell
 93764 | Hell     | Noticed Geryon
 93783 | Hell     | Killed Geryon
 93902 | Hell     | Gained mutation: Your muscles are strong. (Str +2) [a
                  | cacodemon]
 94372 | Hell     | Found a gateway to the Iron City of Dis.
 94414 | Hell     | Found a gateway to the freezing wastes of Cocytus.
 94537 | Hell     | Found a gateway to the decaying netherworld of Tartarus.
 94605 | Hell     | Found a gateway to the ashen valley of Gehenna.
 94768 | Hell     | Learned a level 8 spell: Necromutation
 94769 | Coc:1    | Entered Level 1 of Cocytus
 95556 | Coc:3    | Paralysed by a wendigo for 1 turns
 95936 | Coc:4    | Noticed an ancient lich
 95944 | Coc:4    | Killed an ancient lich
 96344 | Coc:5    | Reached skill level 10 in Transmutations
 98000 | Coc:7    | Entered Level 7 of Cocytus
 99273 | Coc:7    | Noticed Antaeus
 99814 | Coc:7    | Reached skill level 15 in Necromancy
100049 | Coc:7    | Found the +2 shield of Resistance {rF++ rC++ Will++}
100573 | Coc:7    | Gained mutation: Armour fits poorly on your strangely
                  | shaped body. [mutagenic glow]
100733 | Coc:7    | Identified the ring of Pixt {rPois rF+ rCorr}
100918 | Coc:7    | Killed Antaeus
100997 | Coc:7    | Got an icy rune of Zot
101263 | Zig:1    | Entered Level 1 of a ziggurat
101294 | Zig:2    | Entered Level 2 of a ziggurat
101307 | Zig:2    | Identified the +4 fire dragon scales of the Hot Ocelot
                  | {rF++ rC- rN+ rCorr Int+3 Dex+4}
101313 | Zig:3    | Entered Level 3 of a ziggurat
101363 | Zig:4    | Entered Level 4 of a ziggurat
101384 | Zig:4    | Identified the +1 leather armour of Purpose {Fly rF+
                  | Will+++ Dex-3}
101467 | Zig:5    | Entered Level 5 of a ziggurat
101484 | Zig:5    | Got the Catalogue of Evil
101490 | Zig:5    | Got the Compendium of Burning Lightness
101497 | Zig:6    | Entered Level 6 of a ziggurat
101511 | Zig:6    | Noticed a dread lich
101515 | Zig:6    | Killed a dread lich
101545 | Zig:7    | Entered Level 7 of a ziggurat
101607 | Zig:7    | Got the Volume of Ashen Dislocation
101615 | Zig:8    | Entered Level 8 of a ziggurat
101674 | Zig:8    | Identified the +5 halberd "Byel Iggofua" {protect, Str+3}
101675 | Zig:8    | Identified the +8 great sword "Rien" {flame, rCorr Str+4
                  | Int+2 Dex+3}
101679 | Zig:9    | Entered Level 9 of a ziggurat
101842 | Zig:9    | Identified the ring of the Seer {Ice rN+}
101854 | Zig:10   | Entered Level 10 of a ziggurat
101862 | Zig:10   | Found the +5 demon whip "Spellbinder" {antimagic, Will+}
101910 | Zig:10   | Got the Reference Book on the Excruciating Traveller
101950 | Zig:11   | Entered Level 11 of a ziggurat
102011 | Zig:12   | Entered Level 12 of a ziggurat
102062 | Zig:12   | Identified the +1 helmet of Hadjma {rF+ SInv}
102117 | Zig:13   | Entered Level 13 of a ziggurat
102130 | Zig:13   | Reached skill level 15 in Transmutations
102148 | Zig:13   | Got Qiatul's Grimoire of Excruciating Weightlessness
102151 | Zig:13   | Identified the +3 short sword "Empiwuef" {vorpal, Dex+4}
102157 | Zig:13   | Identified the +6 plate armour of Leapfrog {Harm Str+2
                  | Int-3}
102165 | Zig:14   | Entered Level 14 of a ziggurat
102177 | Zig:14   | Noticed a dread lich
102178 | Zig:14   | Noticed an ancient lich
102178 | Zig:14   | Noticed an ancient lich
102178 | Zig:14   | Noticed a dread lich
102179 | Zig:14   | Noticed an ancient lich
102182 | Zig:14   | Killed an ancient lich
102182 | Zig:14   | Killed a dread lich
102182 | Zig:14   | Killed a dread lich
102183 | Zig:14   | Killed an ancient lich
102184 | Zig:14   | Killed an ancient lich
102247 | Zig:14   | Identified the ring "Ceozeh" {rElec Int+6 SInv}
102255 | Zig:15   | Entered Level 15 of a ziggurat
102266 | Zig:15   | Found the +15 Maxwell's patent armour {-Cast -Tele rElec
                  | Will+ rCorr}
102266 | Zig:15   | Noticed an ancient lich
102268 | Zig:15   | Killed an ancient lich
102269 | Zig:15   | Killed a dread lich
102271 | Zig:15   | Noticed a dread lich
102271 | Zig:15   | Noticed a dread lich
102273 | Zig:15   | Killed a dread lich
102274 | Zig:15   | Killed a dread lich
102309 | Zig:15   | Got the Volume of the Compass
102322 | Zig:16   | Entered Level 16 of a ziggurat
102337 | Zig:16   | Paralysed by a floating eye for 2 turns
102345 | Zig:16   | Paralysed by a floating eye for 2 turns
102353 | Zig:16   | Paralysed by a floating eye for 2 turns
102483 | Zig:16   | Got the Tome of Supportive Shape Shifting
102485 | Zig:16   | Identified the ring of the Swan {rElec rC- rCorr Str+10
                  | Stlth-}
102488 | Zig:16   | Identified the +5 flail "Idom" {flame, Drain rElec Dex-4
                  | Stlth+}
102499 | Zig:16   | Identified the +3 broad axe "Goegheb" {holy, Dex+9}
102507 | Zig:17   | Entered Level 17 of a ziggurat
102535 | Zig:17   | Identified the +4 flail of Putrescence {vorpal, rElec
                  | Int+2}
102537 | Zig:17   | Identified the +4 great sword "Munaosha" {antimagic, Str+2}
102542 | Zig:17   | Identified the amulet of Leiskim {Reflect Str+3 Int+4 SH+5}
102547 | Zig:17   | Identified the amulet "Gumohe" {Spirit Harm rCorr Slay-3}
102588 | Zig:17   | Identified the +9 hand crossbow of Gianutam {flame, Str+9}
102594 | Zig:18   | Entered Level 18 of a ziggurat
102600 | Zig:18   | Noticed a juggernaut
102602 | Zig:18   | Noticed a juggernaut
102604 | Zig:18   | Noticed a juggernaut
102606 | Zig:18   | Killed a juggernaut
102606 | Zig:18   | Noticed a juggernaut
102607 | Zig:18   | Killed a juggernaut
102607 | Zig:18   | Killed a juggernaut
102609 | Zig:18   | Noticed a juggernaut
102611 | Zig:18   | Killed a juggernaut
102612 | Zig:18   | Killed a juggernaut
102716 | Zig:19   | Entered Level 19 of a ziggurat
102738 | Zig:19   | Found the +2 hood of the Assassin {Detection Stab+ Stlth++}
102781 | Zig:19   | Identified the +7 dagger of the Harvest {spect, Dex+4}
102783 | Zig:19   | Identified the +1 robe "Acrufral" {rC+ rN+ Int-3 Slay+3}
102787 | Zig:20   | Entered Level 20 of a ziggurat
102864 | Zig:20   | Found the necklace of Bloodlust {*Rage Will++ Int-3 Slay+6}
102930 | Zig:20   | Identified the +6 mace of Kilu Dom {vamp, rPois Int-5 Dex+6
                  | Stlth+}
102937 | Zig:21   | Entered Level 21 of a ziggurat
102961 | Zig:21   | Found the ring of the Mage {Wiz Archmagi}
102962 | Zig:21   | Found the +3 warlock's mirror {reflect}
102966 | Zig:21   | Found the +4 robe of Folly {Brilliance Will-∞ Int+8}
103237 | Zig:21   | Identified the +4 broad axe "Hehar" {flame, rN+ Str+3}
103247 | Zig:21   | Identified the +10 morningstar of Ancient Evil {venom, Fly
                  | rC+ Will+ Str+4}
103264 | Zig:22   | Entered Level 22 of a ziggurat
103347 | Zig:22   | Identified the amulet of Tov Zira {*Corrode rElec rPois
                  | Regen+}
103380 | Zig:22   | Identified the +5 great mace "Eviscerator" {vorpal, Int+4}
103384 | Zig:22   | Identified the +0 tower shield "Tut Pux" {Int+4}
103403 | Zig:23   | Entered Level 23 of a ziggurat
103651 | Zig:23   | Got the Incunabulum of Creative Contamination
103687 | Zig:23   | Identified the +7 lajatang "Dragon's Peril" {venom, rF+
                  | SInv}
103689 | Zig:23   | Identified the +6 short sword "Ononem" {pain, rC+ Dex+5}
103691 | Zig:23   | Identified the +2 falchion of the Dripping Dragonfly {holy,
                  | rC- Will+ Int+4 Dex+5}
103697 | Zig:24   | Entered Level 24 of a ziggurat
103706 | Zig:24   | Noticed a royal mummy
103709 | Zig:24   | Killed a royal mummy
103709 | Zig:24   | Noticed a royal mummy
103710 | Zig:24   | Noticed a royal mummy
103711 | Zig:24   | Killed a royal mummy
103711 | Zig:24   | Noticed a royal mummy
103712 | Zig:24   | Killed a royal mummy
103714 | Zig:24   | Killed a royal mummy
103714 | Zig:24   | Noticed a royal mummy
103715 | Zig:24   | Noticed a royal mummy
103716 | Zig:24   | Noticed a royal mummy
103717 | Zig:24   | Noticed a royal mummy
103717 | Zig:24   | Noticed a royal mummy
103718 | Zig:24   | Killed a royal mummy
103720 | Zig:24   | Killed a royal mummy
103721 | Zig:24   | Killed a royal mummy
103723 | Zig:24   | Killed from afar by a royal mummy

Illustrated notes

Levels and vault maps discovered:
D:1:      tarquinn_simple_flora_water_d, layout_loops_cross,
          hellmonk_ecumenical_altar_leap_of_faith
D:2:      layout_rooms, uniq_jessica
D:3:      layout_loops_corners, serial_shops, shop, grunt_ministairs_2
D:4:      layout_basic, minmay_misc_feat_secret_circle, minivault_24
D:5:      layout_layer_cave
D:6:      layout_cave_pools, minmay_temple_entry_gardened_gates,
          hangedman_abyss_or_decor_passed, kennysheep_cross_room
D:7:      layout_basic, lemuel_crystal_altar
D:8:      nzn_winding_woodlands_small [nzn_winding_woodlands_5x15_eye,
          nzn_winding_woodlands_center_lodge,
          nzn_winding_woodlands_5x15_jagged], layout_gridville,
          mainiacjoe_overflow_boulevard, kennysheep_mini_moat, serial_shops,
          shop
D:9:      layout_stronghold, chequers_temple_overflow_minitemple,
          hellmonk_ghost_happy_afterlife, uniq_gastronok, uniq_psyche
D:10:     minmay_blocky_corners, layout_basic, nicolae_trove_entry_isolated,
          nrook_campfire
D:11:     layout_cave_pools, minmay_lair_entry_grove, orc_0_dummy,
          hellmonk_ghost_big_iron
D:12:     layout_grid_maze, worldfamousw_hep_ancestral_shrine
D:13:     minmay_textured_paths, layout_irregular_city,
          skrybe_vaults_entry_preservation, okawaru_metal_pillars_1_2,
          uniq_nessos
D:14:     layout_cross, roderic_serpentine_path, serial_glass, glass_columns_a,
          glass_columns_b, glass_columns_a, glass_columns_c
D:15:     gammafunk_depths_entry_grave, layout_long_grid,
          hellmonk_bongcloud_opening, serial_shops, bzr_entry_islet
Temple:   regret_index_temple_generic_petals
Lair:1:   layout_gridlike, lemuel_fruit_tree
Lair:2:   layout_big_grid
Lair:3:   layout_chaotic_city, shoals_dummy_entry, spider_nest_entry_webs,
          st_stairs_8, wad_woods_03, uniq_urug
Lair:4:   layout_long_grid, minivault_23
Lair:5:   layout_regular_city, chequers_serial_rivers_micro_c,
          grunt_megastairs_4
Lair:6:   guppyfry_lair_end_dragon, layout_regular_city, slime_dummy,
          grunt_megastairs_2
Shoals:1: layout_shoals, nicolae_shoals_enchanted_isle
Shoals:2: layout_shoals, serial_shops, shop_statue,
          nicolae_shoals_pincushion_passage, uniq_polyphemus
Shoals:3: layout_shoals
Shoals:4: shoals_end_hellmonk_lost_city, uniq_kirke, uniq_mlioglotl
Spider:1: layout_spider_delve, uniq_azrael, uniq_donald, uniq_josephine
Spider:2: layout_cave_pods
Spider:3: layout_spider_delve, beargit_elvish_explorers, uniq_mara
Spider:4: grunt_spider_rune_circles
Orc:1:    layout_caves, nicolae_orc_tapped_out, uniq_nergalle, uniq_maurice,
          uniq_sonja
Orc:2:    grunt_orc_gardens, layout_caves, grunt_orc_garden, grunt_orc_garden,
          grunt_orc_garden, grunt_orc_garden
Elf:1:    layout_gridlike, serial_shops, shop, minmay_elf_demonology
Elf:2:    nicolae_elf_blades_crystal_corner, layout_loops_corners
Elf:3:    minmay_elf_hall_curves, layout_gridlike, special_room
          [special_room_orc], serial_nicolae_subway,
          nicolae_sub_station_crystal, nicolae_sub_station_metal,
          nicolae_sub_station_stone
Vaults:1: ploomutoo_gammafunk_ghost_potion_laboratory,
          nicolae_vaults_branching_niches, layout_vaults_maze_snakey,
          serial_shops
Vaults:2: ontoclasm_vaults_loading_screen, ontoclasm_vaults_decontamination,
          nicolae_vaults_network_square, v_misc_26, v_rooms_3,
          nicolae_vaults_network_periphery, v_misc_30, vaults_dpeg_spiral,
          grunt_vaults_diagonal, vaults_room_pools, layout_vaults_omnicross,
          serial_shops, nicolae_square_shop
Vaults:3: vaults_standard_mumra_lines, ontoclasm_vaults_hangar, v_misc_28,
          vaults_mumra_hexcomb, nicolae_vaults_little_squares_1,
          hangedman_vaults_trim, nicolae_vaults_quartermaster,
          layout_vaults_chaotic_city, dummy_crypt_entry
Vaults:4: portal_desolation_entry_ruin, v_alt_pattern_1, v_misc_29,
          nicolae_vaults_network_barrier, v_misc_30, nicolae_vaults_what_the_h,
          nicolae_vaults_shelves_hall, vaults_room_guarded_vault,
          layout_vaults_omnigrid, serial_shops, shop
Vaults:5
Crypt:1:  layout_regular_city, basic_altar, grunt_megastairs_3
Crypt:2:  layout_chaotic_city, lemuel_upstairs_altar
Crypt:3:  david_glass_crypt, layout_misc_corridors, tomb_entry_forgotten_bobbens
Depths:1: layout_gridlike, enter_ziggurat_c, minmay_room_of_horrors,
          pf_coc_iceberg, nrook_uturn, makhleb_altar_promises_db,
          minmay_shoptagon, serial_bayou_shore_a
Depths:2: evilmike_marble_ring, layout_long_grid, rand_demon_pan_entry_1,
          pf_hell_entry_tar_spiral, good_gods_temple_1, kilobyte_rumbling_trees,
          infiniplex_staircase_pool_2
Depths:3: minmay_expanding_squares, layout_cave_shapes, abyss_entry_crystal,
          hellmouth_3, serial_sigils_hangedman_leer, nicolae_blasting_shop,
          amcnicky_mini_pool_small, fiery_altar_vehumet,
          infiniplex_staircase_hallway_doors
Depths:4: evilmike_zot_entry_round, layout_honeycomb, grunt_metal_band,
          rand_demon_pan_entry_3, grunt_megastairs_5, minmay_shop_grove,
          uniq_margery
Hell
Coc:1:    layout_ice_bergs
Coc:2:    layout_cocytus_water_paths
Coc:3:    layout_cocytus_water_paths
Coc:4:    layout_ice_bergs
Coc:5:    layout_ice_bergs, serial_ice, serial_ice_f, serial_ice_g, serial_ice_o
Coc:6:    nicolae_coc_three_mouths, layout_cocytus_water_paths
Coc:7:    coc_mu
Zot:1:    layout_twisted_circle
Zot:2:    nicolae_zot_draconian_monastery, layout_basic
Zot:3:    layout_cathedral_of_symmetry
Zot:4:    nicolae_moth_party, layout_misc_corridors
Zot:5:    layout_twisted_circle
Zig:24

Skill      XL: |  1  2  3  4  5  6  7  8  9 10 11 12 13 14 15 16 17 18 19 20 21 22 23 24 25 26 27 |
---------------+----------------------------------------------------------------------------------+-----
Transmutations | 1 2 3 4 6 15 | 15.0
Earth Magic    | 4 5 6 7 8 9 10 12 14 15 16 18 19 21 22 23 24 | 24.0
Spellcasting   | 3 4 5 7 8 9 11 12 13 14 15 16 17 18 19 20 21 24 | 24.0
Conjurations   | 1 2 3 4 5 6 7 8 10 11 12 13 14 15 16 17 18 21 | 21.0
Fighting       | 3 4 6 7 9 10 12 13 14 15 16 22 | 22.3
Armour         | 2 3 4 6 8 9 10 12 13 14 15 19 | 19.6
Shields        | 3 5 6 8 9 10 12 13 14 15 19 | 19.6
Fire Magic     | 3 6 9 10 11 13 14 15 16 17 21 | 21.0
Necromancy     | 4 6 7 9 18 | 18.0
Staves         | 3 5 7 9 12 | 12.0
Dodging        | 2 3 |  3.0
Stealth        | 3 |  3.0

Action                   |  1- 3 |  4- 6 |  7- 9 | 10-12 | 13-15 | 16-18 | 19-21 | 22-24 | 25-27 || total
-------------------------+-------+-------+-------+-------+-------+-------+-------+-------+-------++-------
Melee: Unarmed           |    13 |       |       |       |       |       |       |       |       ||    13
       Dagger            |    71 |   108 |       |       |       |       |     1 |       |       ||   180
       Punch             |       |     2 |     1 |       |       |       |       |       |       ||     3
       Short sword       |       |    79 |    51 |    27 |   156 |       |       |       |       ||   313
       Staff             |       |       |       |       |     6 |    41 |    15 |   153 |   413 ||   628
       Scimitar          |       |       |       |       |       |     3 |       |       |       ||     3
       Headbutt          |       |       |       |       |       |       |       |       |    34 ||    34
 Cast: Sandblast         |    19 |    11 |    28 |   131 |   193 |   102 |    37 |    12 |     6 ||   539
       Stone Arrow       |       |    16 |   113 |   219 |   405 |    66 |    14 |     3 |     4 ||   840
       Swiftness         |       |       |       |     1 |     3 |     2 |       |       |     5 ||    11
       Fireball          |       |       |       |       |    14 |    10 |       |       |       ||    24
       Flame Wave        |       |       |       |       |     6 |       |       |       |       ||     6
       Iron Shot         |       |       |       |       |    62 |   289 |   178 |   213 |   303 ||  1045
       Starburst         |       |       |       |       |     2 |    14 |     5 |       |       ||    21
       Passwall          |       |       |       |       |     2 |     6 |     1 |     2 |     8 ||    19
       Borgnjor's Vile C |       |       |       |       |       |   234 |   249 |   201 |   295 ||   979
       Mephitic Cloud    |       |       |       |       |       |    56 |     1 |       |       ||    57
       Freezing Cloud    |       |       |       |       |       |   133 |   166 |    44 |    13 ||   356
       Lehudib's Crystal |       |       |       |       |       |       |    12 |    54 |    89 ||   155
       Ignition          |       |       |       |       |       |       |    43 |   113 |   104 ||   260
       Shatter           |       |       |       |       |       |       |       |    13 |    90 ||   103
       Fire Storm        |       |       |       |       |       |       |       |       |   209 ||   209
       Necromutation     |       |       |       |       |       |       |       |       |    16 ||    16
 Abil: End Transformatio |       |       |       |       |       |       |       |       |    10 ||    10
Evoke: Wand              |       |       |       |    11 |    12 |     2 |     2 |       |     5 ||    32
       Phantom mirror    |       |       |       |       |     1 |     1 |       |       |     1 ||     3
  Use: Scroll            |       |       |     7 |     4 |    16 |    13 |     6 |     3 |    19 ||    68
       Potion            |       |       |       |     1 |     3 |     2 |       |     3 |    13 ||    22
 Stab: Sleeping          |     2 |     2 |       |       |       |       |     1 |       |       ||     5
       Confused          |       |       |       |       |       |     2 |       |       |       ||     2
Armor: Leather armour    |    38 |    86 |    50 |   129 |   269 |    38 |       |       |       ||   610
       Robe              |     1 |       |       |       |       |   128 |    19 |       |       ||   148
       Acid dragon scale |       |       |       |       |       |    68 |    48 |       |       ||   116
       Quicksilver drago |       |       |       |       |       |       |    21 |   224 |   388 ||   633
Dodge: Dodged            |    51 |   125 |    75 |   109 |   262 |   179 |    73 |   123 |    93 ||  1090
Block: Buckler           |       |       |       |    42 |   129 |   154 |    59 |   197 |       ||   581
       Reflection        |       |       |       |       |       |       |     2 |    14 |     3 ||    19
       Kite shield       |       |       |       |       |       |       |       |       |   913 ||   913
